 Dungeon Crawl Stone Soup version 0.31-a0-705-ga145531891 (webtiles) character file.

Game seed: 3465122611149273698

154 Xavori the Cutter (level 5, -6/36 (37) HPs)
             Began as an Octopode Chaos Knight on Sept 10, 2023.
             Was a Plaything of Xom.
             Mangled by a gnoll
             ... wielding a +0 flail
              (8 damage)
             ... on level 4 of the Dungeon.
             The game lasted 00:02:50 (9991 turns).

Xavori the Cutter (Octopode Chaos Knight)           Turns: 9991, Time: 00:02:51

HP:   -6/36 (37)    AC:  1    Str: 11    XL:     5   Next: 36%
MP:   5/5           EV: 14    Int: 20    God:    Xom [....*.]
Gold: 160           SH:  0    Dex: 14    Spells: 4/4 levels left

rFire   . . .        a - +0 short sword (chaos)
rCold   . . .        (no shield)
rNeg    . . .        (helmet restricted)
rPois   .            (no amulet)
rElec   .            m - +6 ring of intelligence
rCorr   .            (no ring)
SInv    .            (no ring)
Will    .....        (no ring)
Stlth   +++          (no ring)
HPRegen 0.26/turn    (no ring)
MPRegen 0.09/turn    (no ring)
                     (no ring)

%: no passive effects
@: lightly drained
A: almost no armour, amphibious, 8 rings, camouflage 1, gelatinous body 1,
(nimble swimmer 1), tentacles, beak, tentacle spike 1, no potion heal 1
a: Renounce Religion


You were on level 4 of the Dungeon.
You worshipped Xom.
You were a beloved toy of Xom.
You visited 1 branch of the dungeon, and saw 4 of its levels.

You collected 160 gold pieces.

Inventory:

Hand Weapons
 a - a +0 short sword of chaos (weapon)
Jewellery
 m - a +6 ring of intelligence (left tentacle)
Talismans
 p - a storm talisman
Wands
 i - a wand of digging (7)
 q - a wand of flame (8)
Scrolls
 b - a scroll of butterflies
 d - 2 scrolls of enchant weapon {unknown}
 e - a scroll of revelation
 g - a scroll of teleportation
 k - a scroll of silence
 l - 2 scrolls of blinking
 n - a scroll of enchant armour {unknown}
 o - 3 scrolls of identify
Potions
 c - a potion of brilliance {unknown}
 f - a potion of attraction {unknown}
 h - a potion of berserk rage {unknown}
 j - 2 potions of mutation {unknown}
 r - a potion of invisibility {unknown}
 s - a potion of enlightenment {unknown}
 t - 2 potions of curing {unknown}


   Skills:
 + Level 3.7 Fighting
 + Level 4.1 Short Blades
 + Level 2.9 Dodging
 + Level 3.7 Stealth
 * Level 0.9 Shapeshifting


You had 4 spell levels left.
You didn't know any spells.
Your spell library contained the following spells:

 Spells                   Type           Power      Damage    Failure   Level
 Slow                     Hex            0%         N/A       19%         1
 Cigotuvi's Dreadful Rot  Necr/Pois/Air  0%         N/A       28%         2
 Confusing Touch          Hex            0%         N/A       50%         3
 Sigil of Binding         Hex            0%         N/A       50%         3
 Vampiric Draining        Necr           0%         2d6       50%         3
 Dispel Undead            Necr           0%         3d6       88%         4
 Death Channel            Necr           0%         N/A       100%        6


Dungeon Overview and Level Annotations

Branches:
Dungeon (4/15)
 Temple: D:4-7

Altars:


Innate Abilities, Weirdness & Mutations

You cannot wear most types of armour.
You are amphibious.
You can wear up to eight rings at the same time.
Your skin changes colour to match your surroundings (Stealth+).
Your rubbery body absorbs attacks. (AC +1, EV +1)
((You are camouflaged when in or above water. (Stealth+)))
You have tentacles for arms and can constrict up to eight enemies at once.
You have a beak for a mouth.
One of your tentacles bears a spike.
Potions are less effective at restoring your health.


Message History

Things that are here:
a +0 dagger; 3 stones; a kobold corpse 2 gnolls come into view.
There are monsters nearby!
There are monsters nearby! 2 gnolls come into view.
The gnoll shouts! x2; You hear an angry hiss.
You hear a shout!
You hit the gnoll. You grab the gnoll.
You pierce the gnoll, but do no damage.
You peck the gnoll, but do no damage.
The gnoll is moderately wounded.
You constrict the gnoll, but do no damage.
The gnoll closely misses you.
The gnoll shouts!
You hit the gnoll but do no damage. You peck the gnoll.
You squeeze the gnoll, but do no damage.
The gnoll is moderately wounded.
You constrict the gnoll. The gnoll hits you with a +0 flail.
The gnoll hits you with a +0 club!
The gnoll hits you from afar with a +0 spear!
You release your grip on the gnoll.
The gnoll attacks as it pursues you! The gnoll hits you with a +0 club.
The gnoll attacks as it pursues you! The gnoll hits you with a +0 club.
* * * LOW HITPOINT WARNING * * *
You barely miss the gnoll. Your grab misses the gnoll.
You pierce the gnoll.
Your peck misses the gnoll. You squeeze the gnoll.
You kill the gnoll!
You hit the gnoll. You freeze the gnoll. Your grab misses the gnoll.
You squeeze the gnoll!
You kill the gnoll!
Your Short Blades skill increases to level 4!
You hit the gnoll but do no damage. Your grab misses the gnoll.
The gnoll closely misses you.
The gnoll hits you from afar with a +0 spear!
* * * LOW HITPOINT WARNING * * *
You hit the gnoll. You burn the gnoll. You grab the gnoll.
You pierce the gnoll, but do no damage.
You peck the gnoll.
The gnoll is heavily wounded.
You constrict the gnoll, but do no damage.
The gnoll barely misses you. The gnoll hits you with a +0 flail!
You die...

... ......#### ...
....... #........##..# .
....... #.........^..##.
.......##...............
.......#................
........................
.........$...)..........
...........##...........
.......@.###.......<....
.....###g####...........
#... #g.g.#.............
#.....g.................
.........##......#......
.....#....##...<........
....##....##......#..#..
.... #.#####?....##..#..
#.~ ## ##.... #.# .


You could see 2 gnolls.

Vanquished Creatures
  Jessica (D:3)
  2 adders
  3 gnolls
  A worm (D:3)
  5 endoplasms
  A giant cockroach (D:1)
  6 hobgoblins
  5 jackals
  4 quokkas
  3 ball pythons (D:1)
  4 bats
  4 frilled lizards
  10 goblins
  15 kobolds
  11 rats
75 creatures vanquished.

Notes
Turn   | Place    | Note
-------+----------+-------------------------------------------
     0 | D:1      | Xavori the Octopode Chaos Knight began the quest for the
                  | Orb.
     0 | D:1      | Reached XP level 1. HP: 16/16 MP: 1/1
    72 | D:1      | XOM: divination: magic mapping
   142 | D:1      | Reached XP level 2. HP: 13/21 MP: 2/2
   258 | D:1      | Reached XP level 3. HP: 26/26 MP: 3/3
   452 | D:1      | Reached skill level 1 in Stealth
  2040 | D:1      | XOM: god gift: leather armour {god gift}
  2065 | D:1      | XOM: divination: magic mapping
  2489 | D:1      | XOM: divination: detect items
  2600 | D:1      | XOM: god gift: book of Decay
  2811 | D:1      | XOM: god gift: book of Debilitation
  3096 | D:1      | XOM: divination: magic mapping
  3337 | D:1      | XOM is BORED!
  3337 | D:1      | XOM: silly message
  3349 | D:1      | XOM is BORED!
  3349 | D:1      | XOM: give mutations
  3349 | D:1      | Gained mutation: Potions are less effective at restoring
                  | your health. [Xom's mischief]
  3349 | D:1      | Gained mutation: You are frail. (-10% HP) [Xom's mischief]
  3349 | D:1      | Gained mutation: You sometimes lose your temper in combat.
                  | [Xom's mischief]
  3643 | D:1      | XOM: silly message
  5562 | D:1      | XOM: god gift: 17 gold pieces
  5569 | D:1      | XOM: god gift: jewelled silver wand {god gift}
  5808 | D:1      | XOM: cloud trail
  6257 | D:1      | XOM: silly message
  6744 | D:1      | XOM: noise
  6846 | D:1      | XOM: give mutation
  6846 | D:1      | Lost mutation: You are frail. (-10% HP) [Xom's mischief]
  6937 | D:1      | XOM: silly message
  7746 | D:1      | XOM: draining
  7896 | D:1      | XOM: summons 2 hostile demons
  7967 | D:2      | XOM: repel stairs
  7989 | D:1      | XOM is BORED!
  7989 | D:1      | XOM: draining
  8433 | D:1      | XOM: give mutation
  8433 | D:1      | Gained mutation: Your body sometimes deteriorates upon
                  | taking damage. [Xom's mischief]
  8564 | D:1      | XOM: summons 2 hostile demons
  8677 | D:1      | XOM: cloud trail
  8726 | D:1      | XOM: god gift: scroll labelled DEKKAL ASK {god gift}
  8799 | D:1      | XOM: give mutations
  8799 | D:1      | Gained mutation: One of your tentacles bears a spike.
                  | [Xom's mischief]
  8799 | D:1      | Lost mutation: Your body sometimes deteriorates upon taking
                  | damage. [Xom's mischief]
  8799 | D:1      | Gained mutation: You have a beak for a mouth. [Xom's
                  | mischief]
  8799 | D:1      | Lost mutation: You sometimes lose your temper in combat.
                  | [Xom's mischief]
  8807 | D:2      | XOM: 5-stop teleportation journey
  8853 | D:2      | Reached XP level 4. HP: 22/23 MP: 4/4
  8882 | D:2      | XOM: silly message
  9242 | D:2      | You fall into a shaft and drop 1 floor!
  9289 | D:3      | XOM: god gift: 49 gold pieces
  9321 | D:3      | Noticed Jessica
  9322 | D:3      | XOM: smoke on damage
  9330 | D:3      | Killed Jessica
  9440 | D:3      | Reached XP level 5. HP: 30/32 MP: 5/5
  9594 | D:3      | XOM: cloud trail
  9990 | D:4      | Reached skill level 4 in Short Blades
  9991 | D:4      | Mangled by a gnoll

Illustrated notes

Levels and vault maps discovered:
D:1:      heliophobic_arrival_henge, layout_basic,
          ebering_dispersal_statue_hall, lexackson_kobold_supper
D:2:      layout_basic
D:3:      layout_basic, kennysheep_jessica_study
D:4:      layout_cave_pools, kennysheep_okawaru_gauntlet,
          mainiacjoe_overflow_alcove_1, gup_sewer_entry_pipe

Skill      XL: |  1  2  3  4  5 |
---------------+----------------+-----
Stealth        | 1 3 |  3.7
Short Blades   | 4 |  4.1
Fighting       | |  3.7
Dodging        | |  2.9
Shapeshifting  | |  0.9

Action                     |  1- 3 |  4- 6 || total
---------------------------+-------+-------++-------
  Melee: Short sword       |    82 |    54 ||   136
         Constrict         |    21 |    10 ||    31
         Tentacles         |    15 |     7 ||    22
         Kick              |       |    15 ||    15
         Peck              |       |     9 ||     9
    Use: Scroll            |     1 |     4 ||     5
   Stab: Sleeping          |     9 |    13 ||    22
         Petrifying        |       |     1 ||     1
 Armour: Skin              |    30 |    18 ||    48
  Dodge: Dodged            |    49 |    23 ||    72

Table legend: (Time is in decaauts)
 A = Elapsed time spent in this place.
 B = Non-inter-level travel time spent in this place.
 C = Inter-level travel time spent in this place.
 D = Time resting spent in this place.
 E = Time spent auto-exploring this place.
 F = Levels seen in this place.
 G = Mean time per level.
                   A        B        C        D        E       F      G
               +--------+--------+--------+--------+--------+-----+--------+
         Total |   9979 |   9925 |     54 |   7846 |   1598 |   4 | 2494.8 |
       Dungeon |   9979 |   9925 |     54 |   7846 |   1598 |   4 | 2494.8 |
               +--------+--------+--------+--------+--------+-----+--------+

Top non-repeatable levels by time:
     D:1: 8691 daAuts
     D:3: 719 daAuts
     D:2: 547 daAuts
     D:4: 21 daAuts
